 Dungeon Crawl Stone Soup version 0.29.0 (webtiles) character file.

Game seed: 11397854536609401772

44 Zeldest the Trooper (level 3, -3/29 HPs)
             Began as a Mummy Monk on Aug 25, 2022.
             Slain by Jessica
             ... wielding a +0 dagger
              (4 damage)
             ... on level 2 of the Dungeon.
             The game lasted 00:01:31 (2136 turns).

Zeldest the Trooper (Mummy Monk)                    Turns: 2136, Time: 00:01:32

Health: -3/29      AC:  2    Str: 16    XL:     3   Next: 41%
Magic:  4/4        EV:  9    Int:  9    God:
Gold:   71         SH:  0    Dex: 14    Spells: 2/2 levels left

rFire   x . .      SeeInvis .   a - +0 hand axe
rCold   + . .      Faith    .   (no shield)
rNeg    + + +      Spirit   .   b - +0 robe
rPois   ∞          Reflect  .   (no helmet)
rElec   .          Harm     .   (no cloak)
rCorr   .          Rampage  .   (no gloves)
Will    .....                   (no boots)
Stlth   ++........              (no amulet)
HPRegen 0.09/turn               (no ring)
MPRegen 0.09/turn               (no ring)

@: grasped by roots, constricted
A: cold resistance 1, negative energy resistance 3, torment resistance 2, heat
vulnerability 1, in touch with death 1, no potions
a: no special abilities


You were on level 2 of the Dungeon.
You visited 1 branch of the dungeon, and saw 2 of its levels.

You collected 71 gold pieces.

Inventory:

Hand Weapons
 a - a +0 hand axe (weapon)
Missiles
 c - a throwing net (quivered)
Armour
 b - a +0 robe (worn)
Scrolls
 d - 2 scrolls of identify {unknown}
 e - a scroll of torment {unknown}
 f - a scroll of teleportation {unknown}
 g - a scroll of magic mapping {unknown}
 h - a scroll of poison {unknown}
 i - a scroll of vulnerability {unknown}


   Skills:
 + Level 3.5 Fighting
 + Level 2.9 Axes
 - Level 2.4 Dodging
 - Level 1.5 Stealth
 + Level 1.4 Invocations


You had 2 spell levels left.
You didn't know any spells.
Your spell library contained the following spells:

 Spells                   Type           Power      Damage    Failure   Level
 Shock                    Conj/Air       0%         1d3       38%         1
 Swiftness                Air            0%         N/A       77%         3
 Airstrike                Air            0%         2d(0-16)  99%         4
 Fireball                 Conj/Fire      0%         3d3       100%        5
 Iskenderun's Battlesphe  Conj           0%         2d6       100%        5
 Conjure Ball Lightning   Conj/Air       0%         3x3d6     100%        6
 Orb of Destruction       Conj           0%         9d5       100%        7


Dungeon Overview and Level Annotations

Branches:
Dungeon (2/15)

Altars:

Annotations:
D:2 Jessica


Innate Abilities, Weirdness & Mutations

You are immune to poison.
Your flesh is cold resistant. (rC+)
You are immune to negative energy. (rN+++)
You are immune to unholy pain and torment.
You are vulnerable to heat. (rF-)
You are in touch with the powers of death.
You do not drink.


Message History

Jessica zaps a wand.
The roots erupt in riotous growth!
The grasping roots grab you! The grasping roots constrict you.
An adder comes into view.
You escape the roots grasp.
You closely miss Jessica.
Jessica zaps a wand.
The roots erupt in riotous growth!
The grasping roots grab you!
Jessica is unaffected.
The grasping roots constrict you.
You hear an angry hiss.
You barely miss Jessica. Jessica closely misses you.
The grasping roots constrict you.
You hit Jessica.
Jessica is moderately wounded.
Jessica casts a spell.
Jessica seems to speed up.
The grasping roots constrict you.
The grasping roots release their grip on you.
You hit Jessica.
Jessica is heavily wounded.
Jessica hits you with a +0 dagger.
Jessica zaps a wand.
The roots erupt in riotous growth!
The grasping roots grab you!
Jessica is unaffected.
The grasping roots constrict you.
You closely miss Jessica.
Jessica is heavily wounded.
Jessica closely misses you. The grasping roots constrict you.
Jessica hits you with a +0 dagger. The grasping roots constrict you.
* * * LOW HITPOINT WARNING * * *
You closely miss Jessica.
Jessica is heavily wounded.
Jessica hits you but does no damage. The grasping roots constrict you.
* * * LOW HITPOINT WARNING * * *
Jessica hits you with a +0 dagger.
* * * LOW HITPOINT WARNING * * *
The grasping roots constrict you.
* * * LOW HITPOINT WARNING * * *
You hit Jessica.
Jessica is severely wounded.
Jessica hits you with a +0 dagger.
You die...

.#.....##.# ......###.#
......# #.# ......# #.#
......# #.# ......#
#.###### .## ......#
#......# #...#
>.....########.###...?..
........ #..@@S.....
........ ##########.
#+##.<.. #.##...#
#.##...# #.##...#.
#.##...#.# #.##...#.#
#.##...#.### ###


You could see an adder and Jessica (fast).

Vanquished Creatures
  An adder (D:2)
  A dart slug (D:2)
  2 endoplasms (D:1)
  2 giant cockroaches
  3 goblins
  3 hobgoblins
  4 jackals (D:2)
  A quokka (D:1)
  3 ball pythons
  2 bats (D:1)
  A frilled lizard (D:1)
  4 kobolds (D:1)
  4 rats (D:1)
31 creatures vanquished.

Notes
Turn   | Place    | Note
-------+----------+-------------------------------------------
     0 | D:1      | Zeldest the Mummy Monk began the quest for the Orb.
     0 | D:1      | Reached XP level 1. HP: 18/18 MP: 1/1
   466 | D:1      | Reached XP level 2. HP: 23/24 MP: 2/2
   945 | D:1      | Reached skill level 1 in Invocations
  1274 | D:1      | Found a faded altar of an unknown god.
  1680 | D:2      | Gained mutation: You are in touch with the powers of death.
                  | [Mummy growth]
  1680 | D:2      | Reached XP level 3. HP: 22/29 MP: 3/3
  1694 | D:2      | HP: 1/29 [adder (2)]
  2127 | D:2      | Noticed Jessica
  2135 | D:2      | HP: 1/29 [constriction (2)]
  2136 | D:2      | Slain by Jessica

Illustrated notes

Levels and vault maps discovered:
D:1:      shiori_arrival_maze, layout_basic,
          hellmonk_ecumenical_altar_pennies_from_heaven
D:2:      layout_basic, uniq_jessica

Skill      XL: |  1  2 |
---------------+-------+-----
Invocations    | 1 |  1.4
Fighting       | |  3.5
Axes           | |  2.9
Dodging        | |  2.4
Stealth        | |  1.5

Action                   || total
-------------------------++-------
Melee: Hand axe          ||   135
 Stab: Sleeping          ||     3
Armor: Robe              ||    16
Dodge: Dodged            ||    88
